 Dungeon Crawl Stone Soup version 0.26-a0-466-g989023bd0d (webtiles) character file.

Game seed: 17399455627887246263

79 kae the Ruffian (level 4, 0/35 HPs)
             Began as a Demonspawn Gladiator on Aug 7, 2020.
             Killed by divine providence
             ... invoked by an orc priest
              (14 damage)
             ... on level 3 of the Dungeon.
             The game lasted 00:00:48 (1740 turns).

kae the Ruffian (Demonspawn Gladiator)              Turns: 1740, Time: 00:00:49

Health: 0/35       AC:  7    Str: 15    XL:     4   Next: 17%
Magic:  4/4        EV: 12    Int: 10    God:
Gold:   162        SH:  0    Dex: 14    Spells: 3/3 levels left

rFire    . . .     SeeInvis .     - Unarmed
rCold    . . .     Faith    .   (no shield)
rNeg     . . .     Spirit   .   a - +0 leather armour
rPois    .         Reflect  .   b - +0 helmet
rElec    .         Harm     .   (no cloak)
rCorr    .                      (no gloves)
MR       .....                  (no boots)
Stlth    +.........             (no amulet)
HPRegen  0.11/turn              (no ring)
MPRegen  0.09/turn              (no ring)

@: no status effects
A: slimy green scales 2, spiny 1
a: no special abilities


You were on level 3 of the Dungeon.
You visited 1 branch of the dungeon, and saw 3 of its levels.

You collected 162 gold pieces.

Inventory:

Missiles
 c - 3 throwing nets (quivered)
Armour
 a - a +0 leather armour (worn)
 b - a +0 helmet (worn)
Scrolls
 d - 2 scrolls of blinking {unknown}
 f - a scroll of fear {unknown}
 g - 4 scrolls of remove curse {unknown}
 h - 2 scrolls of identify {unknown}
 i - 2 scrolls of enchant weapon {unknown}
 j - a scroll of noise {unknown}
 k - a scroll of amnesia {unknown}
 l - 2 scrolls of fog {unknown}
 n - a scroll of enchant armour {unknown}
Potions
 e - 3 potions of curing {unknown}
 m - a potion of berserk rage {unknown}


   Skills:
 + Level 3.0 Fighting
 - Level 1.7 Throwing
 - Level 2.6 Dodging
 * Level 4.1 Unarmed Combat


You had 3 spell levels left.
You didn't know any spells.
Your spell library was empty.

Dungeon Overview and Level Annotations

Branches:
Dungeon (3/15)

Altars:

Annotations:
D:3 Natasha


Innate Abilities, Weirdness & Mutations

You are mostly covered in slimy green scales. (AC +3)
You are partially covered in sharp spines.


Message History

Natasha casts a spell at you. You resist with some effort.
The orc priest casts a cantrip, but nothing happens.
The white imp gestures at you. The puff of frost hits you.
The orc priest mumbles some strange prayers to Beogh against you.
Pain shoots through your body!
There is an open door here.
Natasha stares at you and mumbles some strange words.
The magic dart hits you.
The orc priest calls down the wrath of Beogh upon you.
Beogh smites you! The white imp gestures at you. The puff of frost misses you.
Natasha casts a spell at you. The magic dart hits you.
The white imp puffs mist at you.
The orc priest calls down the wrath of Beogh upon you.
Beogh smites you!
You die...

... ..... ######## .....
#......# ..$. #......## ...
#...>...# ######
##.##..o.5o.####....#
#...###.###..h.#....# #
##.⌠.'5..# ####@#....## .#
#....#..#######.#.....##.#
#...##................†..###
#....#.......###.#............
....##....##..##......###≈..≈#
⌠.<.#...### #...#....#...#≈≈#.
....##....#####...#..#.⌠.# ≈#
#....#.....# ##.....#...# #
##...##..#.# ##..)..###≈≈


You could see an orc priest, an orc wizard, Natasha and a white imp (summoned).

Vanquished Creatures
  3 adders (D:2)
  An ooze (D:1)
  A dart slug (D:1)
  4 leopard geckos
  8 bats
  4 giant cockroaches
  4 goblins
  3 hobgoblins
  3 frilled lizards (D:2)
  9 kobolds
  5 rats
45 creatures vanquished.

Notes
Turn   | Place    | Note
-------+----------+-------------------------------------------
     0 | D:1      | kae the Demonspawn Gladiator began the quest for the Orb.
     0 | D:1      | Reached XP level 1. HP: 16/16 MP: 1/1
   245 | D:1      | Reached skill level 3 in Unarmed Combat
   245 | D:1      | Gained mutation: You are partially covered in slimy green
                  | scales. (AC +2) [demonic ancestry]
   245 | D:1      | Reached XP level 2. HP: 19/22 MP: 2/2
   877 | D:2      | Gained mutation: You are partially covered in sharp spines.
                  | [demonic ancestry]
   877 | D:2      | Reached XP level 3. HP: 26/28 MP: 3/3
  1229 | D:2      | Reached skill level 4 in Unarmed Combat
  1229 | D:2      | Gained mutation: You are mostly covered in slimy green
                  | scales. (AC +3) [demonic ancestry]
  1229 | D:2      | Reached XP level 4. HP: 34/34 MP: 4/4
  1302 | D:2      | Found a faded altar of an unknown god.
  1723 | D:3      | Noticed Natasha
  1740 | D:3      | Killed from afar by an orc priest

Illustrated notes

Levels and vault maps discovered:
D:1:      dpeg_arrival_simpleton_c, layout_loops_ring
D:2:      layout_loops_ring, chequers_ecumenical_altar_simple
D:3:      layout_rooms, grunt_ministairs_13, fountainhead, trog_book,
          uniq_natasha, uniq_grinder

Skill      XL: |  1  2  3  4 |
---------------+-------------+-----
Unarmed Combat | 3 4 |  4.1
Fighting       | 3 |  3.0
Throwing       | |  1.7
Dodging        | |  2.6

Action                   |  1- 3 |  4- 6 || total
-------------------------+-------+-------++-------
Melee: Unarmed           |    93 |    17 ||   110
       Punch             |     1 |     1 ||     2
 Stab: Sleeping          |     3 |     1 ||     4
Armor: Leather armour    |    32 |     4 ||    36
Dodge: Dodged            |    69 |     5 ||    74

Table legend: (Time is in decaauts)
 A = Elapsed time spent in this place.
 B = Non-inter-level travel time spent in this place.
 C = Inter-level travel time spent in this place.
 D = Time resting spent in this place.
 E = Time spent auto-exploring this place.
 F = Levels seen in this place.
 G = Mean time per level.
                   A        B        C        D        E       F      G
               +--------+--------+--------+--------+--------+-----+--------+
         Total |   1732 |   1671 |     61 |      0 |   1413 |   3 |  577.3 |
       Dungeon |   1732 |   1671 |     61 |      0 |   1413 |   3 |  577.3 |
               +--------+--------+--------+--------+--------+-----+--------+

Top non-repeatable levels by time:
     D:2: 860 daAuts
     D:1: 774 daAuts
     D:3: 97 daAuts
